 Dungeon Crawl Stone Soup version 0.19.0-24-gb05acd6 (webtiles) character file.

93 Krapule the Poker (level 4, -2/38 HPs)
             Began as a Minotaur Skald on Nov 20, 2016.
             Slain by an adder (4 damage)
             ... on level 4 of the Dungeon.
             The game lasted 00:04:18 (2011 turns).

Krapule the Poker (Minotaur Skald)                  Turns: 2011, Time: 00:04:19

Health: -2/38      AC:  4    Str: 17    XL:     4   Next: 36%
Magic:  5/5        EV: 11    Int: 10    God:
Gold:   108        SH:  0    Dex:  9    Spells: 1 memorised, 4 levels left

rFire  . . .     SeeInvis .     l - +0 trident
rCold  . . .     Gourm    .     b - +0 leather armour
rNeg   . . .     Faith    .     (no shield)
rPois  .         Spirit   .     (helmet restricted)
rElec  .         Reflect  .     k - +0 cloak
rCorr  .         Harm     .     (no gloves)
MR     .....                    (no boots)
Stlth  +.........               (no amulet)
                                (no ring)
                                (no ring)

@: lethally poisoned (-2 -> -17), flying
A: retaliatory headbutt, horns 2
a: no special abilities


You were on level 4 of the Dungeon.
You were not hungry.

You visited 1 branch of the dungeon, and saw 4 of its levels.

You collected 108 gold pieces.

Inventory:

Hand Weapons
 a - a +0 spear
 l - a +0 trident (weapon)
Armour
 b - a +0 leather armour (worn)
 k - a +0 cloak (worn)
Scrolls
 e - a scroll of recharging {unknown}
 g - 2 scrolls of remove curse {unknown}
 j - a scroll of blinking {unknown}
 n - 2 scrolls of identify {unknown}
 o - a scroll of random uselessness {unknown}
 q - a scroll of teleportation {unknown}
 r - 2 scrolls of magic mapping {unknown}
Potions
 f - a potion of flight
 h - a potion of degeneration {unknown}
 i - 2 potions of curing {unknown}
 p - a potion of lignification {unknown}
Books
 c - a book of Battle

   Spells                             Type                      Level
   a - Infusion                       Charms                       1
   b - Shroud of Golubria             Charms/Translocation         2
   c - Song of Slaying                Charms                       2
   d - Spectral Weapon                Hexes/Charms                 3
   e - Regeneration                   Charms/Necromancy            3
Comestibles
 d - 2 bread rations
 m - 2 meat rations


   Skills:
 + Level 3.1 Fighting
 + Level 3.7 Polearms
 + Level 2.2 Armour
 + Level 1.7 Dodging
 + Level 0.3 Stealth
 + Level 1.4 Spellcasting
 + Level 2.4 Charms


You had 4 spell levels left.
You knew the following spells:

 Your Spells              Type           Power        Failure   Level  Hunger
a - Infusion              Chrm           #...         17%         1    ##.....


Dungeon Overview and Level Annotations

Branches:
Dungeon (4/15)
 Temple: D:4-7

Altars:
Cheibriados


Innate Abilities, Weirdness & Mutations

You reflexively headbutt those who attack you in melee.
You have a pair of horns on your head.


Message History

* * * LOW HITPOINT WARNING * * *
You feel sick. The adder barely misses you. The adder bites you.
* * * LOW HITPOINT WARNING * * *
You barely miss the adder. Your headbutt misses the adder.
The adder is almost dead.
* * * LOW HITPOINT WARNING * * *
You feel sick. The adder closely misses you.
You miss the adder.
The adder is almost dead.
* * * LOW HITPOINT WARNING * * *
You feel sick. The adder bites you.
* * * LOW HITPOINT WARNING * * *
You are more poisoned.
The adder poisons you!
It was a potion of flight.
You feel very buoyant.
You fly up into the air.
* * * LOW HITPOINT WARNING * * *
You feel sick. The adder bites you.
You die... # ########...# #...@S...# #.######...# #

You could see an adder.

Vanquished Creatures
  3 adders
  2 worms (D:2)
  2 dart slugs
  3 leopard geckos
  2 orcs (D:3)
  A ball python (D:1)
  3 giant cockroaches
  4 goblins (D:1)
  5 hobgoblins
  3 jackals (D:2)
  8 bats
  4 frilled lizards
  7 kobolds
  4 rats
51 creatures vanquished.

Notes
Turn   | Place    | Note
-------+----------+-------------------------------------------
     0 | D:1      | Krapule the Minotaur Skald began the quest for the Orb.
     0 | D:1      | Reached XP level 1. HP: 18/18 MP: 1/1
   318 | D:1      | Reached XP level 2. HP: 25/25 MP: 3/3
   941 | D:2      | Reached XP level 3. HP: 29/30 MP: 4/4
  1192 | D:2      | Found a snail-covered altar of Cheibriados.
  1494 | D:2      | Reached XP level 4. HP: 26/38 MP: 5/5
  1990 | D:3      | Noticed an orc warrior
  2011 | D:4      | Slain by an adder

Skill      XL: |  1  2  3 |
---------------+----------+-----
Polearms       | 3 |  3.7
Fighting       | 3 |  3.1
Armour         | 2 |  2.2
Dodging        | |  1.7
Stealth        | |  0.3
Spellcasting   | |  1.4
Charms         | |  2.4

Action                   |  1- 3 |  4- 6 || total
-------------------------+-------+-------++-------
Melee: Spear             |   154 |    21 ||   175
       Headbutt          |    10 |     1 ||    11
       Trident           |       |    25 ||    25
  Use: Potion            |       |     1 ||     1
  Eat: Chunk             |     2 |     2 ||     4
Armor: Leather armour    |    34 |    15 ||    49
Dodge: Dodged            |    54 |    20 ||    74
